 Dungeon Crawl Stone Soup version 0.31-a0-851-g7ff8af7976 (webtiles) character file.

Game seed: 10097633172283833615

21 Flugkiller the Shooter (level 2, -5/24 HPs)
             Began as a Deep Elf Hunter on Oct 6, 2023.
             Killed by divine providence
             ... invoked by an orc priest
              (12 damage)
             ... on level 3 of the Dungeon.
             The game lasted 00:00:54 (859 turns).

Flugkiller the Shooter (Deep Elf Hunter)             Turns: 859, Time: 00:00:55

Health: -5/24      AC: 21    Str:  8    XL:     2   Next: 62%
Magic:  4/4        EV:  2    Int: 13    God:
Gold:   22         SH:  0    Dex: 18    Spells: 1/1 levels left

rFire   . . .        (no weapon)
rCold   . . .        (no shield)
rNeg    . . .        c - melded +0 leather armour
rPois   +            (helmet currently unavailable)
rElec   .            j - melded +0 cloak
rCorr   .            (gloves currently unavailable)
SInv    .            (boots currently unavailable)
Will    .....        (no amulet)
Stlth   ++           (no ring)
HPRegen 0.24/turn    (no ring)
MPRegen 0.09/turn

%: no passive effects
@: tree-form
A: stationary, stasis, torment immunity, boosted hp
a: no special abilities


You were on level 3 of the Dungeon.
You were a tree.
You visited 1 branch of the dungeon, and saw 3 of its levels.

You collected 22 gold pieces.

Inventory:

Hand Weapons
 a - a +0 shortbow
Armour
 c - a +0 leather armour (melded)
 j - a +0 cloak (melded)
   (You found it on level 1 of the Dungeon)
Scrolls
 b - a scroll of butterflies
 e - a scroll of teleportation {unknown}
 f - a scroll of amnesia {unknown}
 g - a scroll of vulnerability {unknown}
 i - a scroll of noise {unknown}
 r - a scroll of identify
Potions
 h - a potion of haste {unknown}


   Skills:
 - Level 1.5 Fighting
 + Level 6.4 Ranged Weapons
 - Level 2.4 Dodging
 - Level 1.2 Stealth


You had one spell level left.
You didn't know any spells.
Your spell library contained the following spells:

 Spells                   Type           Power      Damage    Failure   Level
 Gell's Gravitas          Tloc           0%         N/A       67%         3
 Teleport Other           Tloc           0%         N/A       67%         3
 Dispersal                Tloc           0%         N/A       100%        6


Dungeon Overview and Level Annotations

Branches:
Dungeon (2/15) Zot: 17133

Altars:


Message History

There is a stone staircase leading down here.
You climb downwards.
Found an escape hatch in the floor.
There is a stone staircase leading up here.
Unknown command.
Found a stone.
You see here a stone.
A malevolent force fills the Dungeon...
You fall into a shaft and drop 1 floor!
The shaft crumbles and collapses.
Unknown command.
A bat comes into view.
You shoot an arrow. The arrow hits the bat!
You kill the bat!
No target in view!
Found 6 poisoned darts.
Found a stone staircase leading up.
No target in view!
No target in view!
A malevolent force fills the Dungeon... and a teleportation trap spontaneously manifests!
You are yanked towards some nearby monsters!
Your surroundings suddenly seem different.
A frilled lizard, 3 orcs and 2 orc priests come into view.
Found 3 scrolls labelled VEXTIK YDOH and 4 darts of dispersal.
The orc priest shouts!
The orc shouts!
Okay, then.
You turn into a tree.
Your +0 cloak melds into your body.
Your +0 leather armour melds into your body.
Your roots penetrate the ground.
Fire: a) +0 shortbow
Press: ? - help, Q - select action Shift-Dir - straight line, f - orc priest
Aim: an orc priest, wielding a +0 flail (64% to hit)
You shoot an arrow. The frilled lizard hisses angrily.
The orc shouts!
The arrow hits the orc priest.
The orc priest is lightly wounded.
The frilled lizard bites you but does no damage.
Fire: a) +0 shortbow
Press: ? - help, Q - select action Shift-Dir - straight line, f/p - orc priest
Aim: an orc priest, wielding a +0 flail (lightly wounded, 64% to hit)
You shoot an arrow. The arrow hits the orc priest.
The orc priest is heavily wounded.
The orc hits you but does no damage.
The frilled lizard bites you but does no damage.
The orc hits you but does no damage. The orc priest barely misses you.
Fire: a) +0 shortbow
Press: ? - help, Q - select action Shift-Dir - straight line, f/p - orc priest
Aim: an orc priest, wielding a +0 flail (heavily wounded, 64% to hit)
You shoot an arrow.
The arrow closely misses the orc priest.
The orc hits you but does no damage. x2
The frilled lizard bites you but does no damage.
The orc priest hits you but does no damage.
Fire: a) +0 shortbow
Press: ? - help, Q - select action Shift-Dir - straight line, f/p - orc priest
Aim: an orc priest, wielding a +0 flail (heavily wounded, 64% to hit)
You shoot an arrow.
The arrow closely misses the orc priest.
The arrow hits the orc priest but does no damage.
The orc hits you but does no damage. x2
The frilled lizard bites you but does no damage.
The orc priest hits you but does no damage.
Fire: a) +0 shortbow
Press: ? - help, Q - select action Shift-Dir - straight line, f/p - orc priest
Aim: an orc priest, wielding a +0 flail (heavily wounded, 64% to hit)
You shoot an arrow.
The arrow hits the orc priest but does no damage.
The orc priest is heavily wounded.
The orc hits you but does no damage. x2
The orc priest hits you but does no damage.
The frilled lizard bites you but does no damage.
The orc priest invokes the aid of Beogh against you.
Beogh smites you!
Fire: a) +0 shortbow
Press: ? - help, Q - select action Shift-Dir - straight line, f/p - orc priest
Aim: an orc priest, wielding a +0 flail (heavily wounded, 64% to hit)
You shoot an arrow.
The arrow closely misses the orc priest.
The orc hits you but does no damage. x2
The orc priest hits you but does no damage.
The frilled lizard bites you but does no damage.
The orc priest hits you but does no damage.
You are now empty-handed.
The orc priest looks encouraged for a moment.
The orc priest hits you with a +0 hand axe.
The orc hits you with a +0 dagger.
* * * LOW HITPOINT WARNING * * *
The orc hits you but does no damage.
The frilled lizard bites you but does no damage.
You hit the orc priest.
The orc priest is severely wounded.
The orc barely misses you.
The orc priest hits you but does no damage.
The frilled lizard bites you but does no damage.
The orc hits you but does no damage.
The orc priest invokes the aid of Beogh against you.
Beogh smites you!
Ouch! That really hurt!
You die...

..............
...........(.
..........#.
........... .
..........# ...
#.........#....
#.....o........
#.....o♣.....#
#.....ool.#..#
#......o.....
#..............
#.........#....
######.........
####..?...
......


You could see 2 orc priests, 3 orcs and a frilled lizard.

Vanquished Creatures
  A dart slug (D:1)
  2 endoplasms (D:1)
  2 goblins (D:1)
  A hobgoblin (D:1)
  3 jackals (D:1)
  3 kobolds (D:1)
  3 ball pythons (D:1)
  A bat (D:3)
  A rat (D:1)
17 creatures vanquished.

Notes
Turn   | Place    | Note
-------+----------+-------------------------------------------
     0 | D:1      | Flugkiller the Deep Elf Hunter began the quest for the Orb.
     0 | D:1      | Reached XP level 1. HP: 12/12 MP: 3/3
   152 | D:1      | Reached XP level 2. HP: 16/16 MP: 4/4
   183 | D:1      | Reached skill level 6 in Ranged Weapons
   810 | D:2      | You fall into a shaft and drop 1 floor!
   859 | D:3      | Killed from afar by an orc priest

Illustrated notes

Levels and vault maps discovered:
D:1:      wander_arrival_lonely_grave, layout_basic
D:2:      layout_basic, amcnicky_mini_corridor_feature, hex_tiny,
          chequers_serial_rivers_room_a
D:3:      layout_rooms, grunt_temple_overflow_champion_of_chaos,
          shapermc_ecumenical_altar_mp_ritualfount, uniq_jessica

Skill      XL: |  1  2 |
---------------+-------+-----
Ranged Weapons | 6 |  6.4
Fighting       | |  1.5
Dodging        | |  2.4
Stealth        | |  1.2

Action                     || total
---------------------------++-------
  Melee: Unarmed           ||     1
   Fire: Shortbow          ||    50
    Use: Scroll            ||     1
         Potion            ||     1
 Armour: Leather armour    ||     7
         Skin              ||    28
  Dodge: Dodged            ||    12

Table legend: (Time is in decaauts)
 A = Elapsed time spent in this place.
 B = Non-inter-level travel time spent in this place.
 C = Inter-level travel time spent in this place.
 D = Time resting spent in this place.
 E = Time spent auto-exploring this place.
 F = Levels seen in this place.
 G = Mean time per level.
                   A        B        C        D        E       F      G
               +--------+--------+--------+--------+--------+-----+--------+
         Total |    865 |    777 |     88 |     74 |    586 |   3 |  288.3 |
       Dungeon |    865 |    777 |     88 |     74 |    586 |   3 |  288.3 |
               +--------+--------+--------+--------+--------+-----+--------+

Top non-repeatable levels by time:
     D:1: 790 daAuts
     D:3: 49 daAuts
     D:2: 26 daAuts
